 Dungeon Crawl Stone Soup version 0.29-a0-2-g12fcac58f8 (webtiles) character file.

Game seed: 15556641864174110273

11459 HallandMoats the Cleaver (level 11, 0/95 HPs)
             Began as a Ghoul Monk on Jan 27, 2022.
             Was a High Priest of Dithmenos.
             Slain by a gargoyle (12 damage)
             ... on level 12 of the Dungeon.
             The game lasted 00:12:13 (10199 turns).

HallandMoats the Cleaver (Ghoul Monk)              Turns: 10199, Time: 00:12:13

Health: 0/95       AC: 13    Str: 18    XL:     11   Next: 78%
Magic:  10/10      EV: 12    Int: 10    God:    Dithmenos [*****.]
Gold:   213        SH:  7    Dex: 13    Spells: 10/10 levels left

rFire   + + .      SeeInvis .   b - +10 hand axe "Looryb" {elec, rF+ Int+5}
rCold   + . .      Faith    .   S - +2 buckler
rNeg    + + +      Spirit   .   p - +2 scale mail {rF+}
rPois   ∞          Reflect  .   l - +2 hat
rElec   .          Harm     .   F - +0 cloak
rCorr   .          Rampage  .   (no gloves)
Will    +....                   (no boots)
Stlth   +.........              (no amulet)
HPRegen 0.00/turn               D - ring of willpower
MPRegen 0.12/turn               d - +4 ring of slaying

@: inhibited regen, wreathed by umbra
A: claws 1, cold resistance 1, negative energy resistance 3, inhibited
regeneration, torment resistance 2
a: Renounce Religion, Shadow Step, Shadow Form


You were on level 12 of the Dungeon.
You worshipped Dithmenos.
Dithmenos was extremely pleased with you.
You visited 1 branch of the dungeon, and saw 12 of its levels.
You also visited: Ossuary.

You collected 500 gold pieces.
You spent 287 gold pieces at shops.

Inventory:

Hand Weapons
 b - the +10 hand axe "Looryb" (weapon) {elec, rF+ Int+5}
   (You found it on level 2 of the Dungeon)

   It occasionally discharges a powerful burst of electricity upon striking a
   foe.
   Int:       It affects your intelligence (+5).
   rF:        It protects you from fire.
Missiles
 w - 2 throwing nets (quivered)
Armour
 l - a +2 hat (worn)
 p - a +2 scale mail of fire resistance (worn)
 F - a +0 cloak (worn)
 H - a +1 leather armour of cold resistance
 M - the +1 cloak "Fedghou" {rF+ Will- Regen+}
   (You found it on level 9 of the Dungeon)

   rF:        It protects you from fire.
   Regen:     It increases your rate of health regeneration.
   Will:      It decreases your willpower.
 S - a +2 buckler (worn)
Jewellery
 d - a +4 ring of slaying (right claw)
 i - a ring of fire
 D - a ring of willpower (left claw)
 N - a ring of fire
 R - a ring of magical power
Wands
 g - a wand of acid (4)
 j - a wand of digging (5)
 B - a wand of flame (6)
 G - a wand of iceblast (8)
 L - a wand of paralysis (8)
 O - a wand of mindburst (11)
Scrolls
 f - 5 scrolls of amnesia
 m - 2 scrolls of enchant armour
 o - a scroll of immolation
 r - a scroll of torment
 u - 2 scrolls of fog
 x - 3 scrolls of enchant weapon
 E - a scroll of fear
 I - 3 scrolls of teleportation
 J - 2 scrolls of blinking {unknown}
 K - a scroll of summoning {unknown}
 Q - 2 scrolls of brand weapon {unknown}
Potions
 a - 2 potions of cancellation {unknown}
 c - 2 potions of resistance {unknown}
 e - 4 potions of mutation {unknown}
 h - 7 potions of heal wounds
 k - 2 potions of brilliance {unknown}
 n - 4 potions of haste {unknown}
 q - 2 potions of curing {unknown}
 s - 2 potions of attraction {unknown}
 t - 2 potions of berserk rage {unknown}
 v - a potion of flight {unknown}
 z - 2 potions of magic {unknown}
 A - 2 potions of degeneration {unknown}
 C - 3 potions of lignification {unknown}


   Skills:
 + Level 8.7 Fighting
 * Level 9.1 Axes
 + Level 6.5 Armour
 + Level 7.1 Dodging
 - Level 2.1 Stealth
 - Level 5.6 Shields
 * Level 8.1 Unarmed Combat


You had 10 spell levels left.
You didn't know any spells.
Your spell library contained the following spells:

 Spells                   Type           Power      Damage    Failure   Level
 Slow                     Hex            0%         N/A       80%         1
 Static Discharge         Conj/Air       0%         N/A       91%         2
 Confusing Touch          Hex            0%         N/A       99%         3
 Gell's Gravitas          Tloc           0%         N/A       99%         3
 Inner Flame              Hex/Fire       0%         N/A       99%         3
 Lesser Beckoning         Tloc           0%         N/A       99%         3
 Summon Guardian Golem    Hex/Summ       0%         N/A       99%         3
 Teleport Other           Tloc           0%         N/A       99%         3
 Vampiric Draining        Necr           0%         2d6       99%         3
 Cause Fear               Hex            0%         N/A       100%        4
 Dispel Undead            Necr           0%         3d6       100%        4
 Sticky Flame             Conj/Fire      0%         2d3       100%        4
 Orb of Destruction       Conj           0%         9d5       100%        7
 Spellforged Servitor     Conj/Summ      0%         N/A       100%        7
 Discord                  Hex            0%         N/A       100%        8


Dungeon Overview and Level Annotations

Branches:
Dungeon (12/15)            Temple (0/1) D:7            Lair (0/6) D:8
    Orc (0/2) D:12        Ossuary (visited)

Altars:
Dithmenos
Ru
Trog

Shops:
D:4 **[*(   D:8 *   D:9 !

Annotations:
D:8 2 transporters, snaxamus's ghost, novice TrFi


Innate Abilities, Weirdness & Mutations

You thrive by killing the living.
You are immune to poison.
You have sharp fingernails.
Your flesh is cold resistant. (rC+)
You are immune to negative energy. (rN+++)
You do not regenerate when monsters are visible.
You are immune to unholy pain and torment.


Message History

You slash the ogre zombie! You slash the orc skeleton!
You destroy the orc skeleton!
Dithmenos accepts your kill.
Unknown command.
You slice the ogre zombie!!
Lightning courses through the ogre zombie!
You destroy the ogre zombie!
Dithmenos accepts your kill.
The gargoyle hurls a stone arrow at you.
The stone arrow hits you!
Unknown command.
You are too injured to fight recklessly!
Unknown command.
You are too injured to fight recklessly!
Unknown command.
You are too injured to fight recklessly!
Unknown command.
You are too injured to fight recklessly!
Unknown command.
You slash the orc zombie!
Lightning courses through the orc zombie!
You destroy the orc zombie!
Dithmenos accepts your kill.
You hit the gargoyle but do no damage. You block the gargoyle's attack.
The gargoyle hits you with a +0 flail!
You hit the gargoyle but do no damage. You block the gargoyle's attack.
You hit the gargoyle.
The gargoyle is moderately damaged.
The gargoyle closely misses you.
You hit the gargoyle.
The gargoyle is moderately damaged.
Your shadow hits the gargoyle but does no damage.
The gargoyle hurls a stone arrow at you.
The stone arrow hits you!
* * * LOW HITPOINT WARNING * * *
You completely miss the gargoyle.
The gargoyle is moderately damaged.
The gargoyle hits you with a +0 flail!
You die...

....### ...# #####.....####
....## #......8...... #......
#............. #.....
.#.............###...#
#....................#
..8.....>.....8......###
.......@................
.#....9........#........
#......)......#........
#......8.(....#........
#####.....#####........ ..
#..................... ...
#..................... ....
#.....................
....####.....................


You could see a gargoyle.

Vanquished Creatures
  A hydra (D:11)
  A centaur warrior (D:9)
  2 two-headed ogres (D:11)
  A deep elf pyromancer (D:12)
  A manticore (D:7)
  2 cyclopes
  Joseph (D:7)
  A kobold demonologist (D:10)
  A komodo dragon (D:10)
  Grinder (D:3)
  2 hornets (D:9)
  A meliai zombie (D:11)
  3 shadows (D:12)
  2 wyverns (D:9)
  A wraith (D:11)
  6 yaks (D:10)
  A vampire (D:7)
  2 steam dragons
  A basilisk (D:12)
  2 water moccasins (D:8)
  An orc warrior (D:12)
  A hornet zombie (D:5)
  An ice beast (D:6)
  A black bear (D:4)
  3 necrophages
  2 ogres (D:4)
  6 centaurs
  Blork the orc (D:6)
  3 bullfrogs
  2 scorpions
  3 gnoll sergeants
  A water moccasin zombie (D:4)
  A troll zombie (D:12)
  5 centaur zombies
  An orc priest (D:12)
  A centaur skeleton (D:7)
  3 hounds
  A gnoll shaman (D:5)
  Crazy Yiuf (D:6)
  2 bullfrog skeletons (D:6)
  3 iguanas
  5 orc wizards
  A killer bee zombie (D:8)
  7 ogre zombies (D:12)
  5 mummies (Ossuary)
  A howler monkey zombie (D:11)
  3 adders
  24 gnolls
  A shadow imp (D:8)
  An ufetubus (D:5)
  3 dart slugs
  13 orcs
  3 ball pythons
  9 endoplasms
  A giant cockroach (D:4)
  4 goblins
  7 hobgoblins
  5 kobolds
  4 quokkas
  4 bats
  3 frilled lizards
  2 goblin skeletons (D:12)
  3 goblin zombies (D:12)
  A hobgoblin skeleton (D:12)
  6 hobgoblin zombies
  2 orc skeletons (D:12)
  16 orc zombies (D:12)
  7 rats
217 creatures vanquished.

Notes
Turn   | Place    | Note
-------+----------+-------------------------------------------
     0 | D:1      | HallandMoats the Ghoul Monk began the quest for the Orb.
     0 | D:1      | Reached XP level 1. HP: 19/19 MP: 0/0
   202 | D:1      | Reached XP level 2. HP: 26/26 MP: 1/1
   395 | D:1      | Reached XP level 3. HP: 33/33 MP: 2/2
   670 | D:2      | Reached skill level 1 in Armour
   789 | D:2      | Found a faded altar of an unknown god.
   864 | D:2      | Identified the +10 hand axe "Looryb" {elec, rF+ Int+5}
   939 | D:2      | Found a shadowy altar of Dithmenos.
  1158 | D:2      | Became a worshipper of Dithmenos the Shadowed
  1158 | D:2      | Reached * piety under Dithmenos
  1158 | D:2      | Reached ** piety under Dithmenos
  1181 | D:3      | Reached XP level 4. HP: 37/40 MP: 3/3
  1258 | D:3      | Noticed Grinder
  1268 | D:3      | Killed Grinder
  1269 | D:3      | Reached skill level 2 in Axes
  1269 | D:3      | Reached XP level 5. HP: 30/47 MP: 4/4
  1269 | D:3      | Reached XP level 6. HP: 34/53 MP: 5/5
  1746 | D:4      | Found Ekaotyon's General Store.
  1748 | D:4      | Found Ilykus's Antique Armour Shoppe.
  1843 | D:4      | Bought a scroll of torment for 105 gold pieces
  1910 | D:4      | Reached XP level 7. HP: 60/60 MP: 6/6
  1992 | D:4      | Found Yveo's General Store.
  2028 | D:4      | Found Avexacaw's Antique Weapon Shop.
  2178 | D:4      | Found Gompuvuh's Assorted Antiques.
  2235 | D:4      | Reached skill level 3 in Axes
  2477 | D:5      | Entered Level 5 of the Dungeon
  2480 | D:5      | Reached skill level 5 in Fighting
  2824 | D:5      | Reached XP level 8. HP: 61/68 MP: 7/7
  3350 | D:6      | Noticed Blork the orc
  3362 | D:6      | Killed Blork the orc
  3444 | D:6      | Reached skill level 4 in Axes
  3770 | D:6      | Found a runed translucent door.
  3771 | D:6      | Noticed Crazy Yiuf
  4133 | D:6      | Killed Crazy Yiuf
  4168 | D:7      | Noticed a vampire
  4178 | D:7      | Killed a vampire
  4253 | D:7      | Found a staircase to the Ecumenical Temple.
  4260 | D:7      | Reached XP level 9. HP: 75/75 MP: 8/8
  4354 | D:7      | Identified the +8 dagger of Siruh {flame, rN+}
  4442 | D:7      | Noticed Joseph
  4454 | D:7      | Killed Joseph
  4455 | D:7      | Reached skill level 5 in Axes
  4455 | D:7      | Reached skill level 5 in Shields
  4635 | D:7      | Noticed a manticore
  4646 | D:7      | Killed a manticore
  4646 | D:7      | Reached *** piety under Dithmenos
  4647 | D:7      | Reached skill level 5 in Dodging
  5071 | D:8      | Noticed a cyan ugly thing
  5079 | D:8      | Noticed snaxamus's ghost (novice TrFi)
  5081 | D:8      | Found a transporter.
  5129 | D:8      | Reached skill level 6 in Axes
  5157 | D:8      | Found a sand-covered staircase.
  5162 | Ossuary  | Entered an ossuary
  5338 | D:8      | Found Waarghuy's Whimsical Warehouse.
  5579 | D:8      | Found a staircase to the Lair.
  5624 | D:8      | Found a transporter.
  5641 | D:8      | Reached XP level 10. HP: 71/86 MP: 9/9
  6282 | D:9      | Reached skill level 5 in Armour
  6609 | D:9      | Found Letolul's Distillery.
  6612 | D:9      | Noticed a centaur warrior
  6621 | D:9      | Killed a centaur warrior
  6622 | D:9      | Reached skill level 7 in Axes
  6630 | D:9      | Identified the +1 cloak "Fedghou" {rF+ Will- Regen+}
  6684 | D:9      | Bought 2 potions of heal wounds for 130 gold pieces
  6684 | D:9      | Bought a potion of might for 52 gold pieces
  6716 | D:9      | Reached skill level 5 in Unarmed Combat
  6956 | D:9      | Found a sacrificial altar of Ru.
  7270 | D:10     | Entered Level 10 of the Dungeon
  7583 | D:10     | Noticed a kobold demonologist
  7601 | D:10     | Killed a kobold demonologist
  7601 | D:10     | Reached **** piety under Dithmenos
  7997 | D:10     | Noticed a cyclops
  8005 | D:10     | Killed a cyclops
  8006 | D:10     | Reached skill level 8 in Axes
  8006 | D:10     | Reached XP level 11. HP: 56/94 MP: 10/10
  8652 | D:11     | Noticed a cyclops
  8663 | D:11     | Killed a cyclops
  8914 | D:11     | Noticed a two-headed ogre
  8926 | D:11     | Killed a two-headed ogre
  9071 | D:11     | Noticed a five-headed hydra
  9085 | D:11     | Killed a five-headed hydra
  9332 | D:11     | Noticed a two-headed ogre
  9341 | D:11     | Killed a two-headed ogre
  9961 | D:12     | Found a bloodstained altar of Trog.
 10023 | D:12     | Noticed a deep elf pyromancer
 10031 | D:12     | Killed a deep elf pyromancer
 10060 | D:12     | Reached skill level 9 in Axes
 10128 | D:12     | Found a staircase to the Orcish Mines.
 10138 | D:12     | Reached ***** piety under Dithmenos
 10199 | D:12     | Slain by a gargoyle

Illustrated notes

Levels and vault maps discovered:
D:1:      dpeg_chamrin_arrival_tetris, layout_rooms, hangedman_decor_push,
          chequers_hall_statues_corner_a, minmay_tromino_v4_a
D:2:      layout_rooms, hellmonk_ecumenical_altar_run_dry, basic_altar,
          st_stairs_1
D:3:      layout_rooms, uniq_grinder
D:4:      layout_basic, serial_shops, nicolae_shop_stone, nicolae_shop_crystal,
          shop, nicolae_shop_advertising_works [nicolae_subvault_shop_adworks],
          shop, chequers_serial_rivers_micro_b
D:5:      wander_river, layout_loops_cross
D:6:      layout_loops_cross, uniq_crazy_yiuf_cottage, uniq_blork_the_orc
D:7:      layout_basic, minmay_temple_entry_large_hall, uniq_joseph
D:8:      layout_basic, lair_entry_dummy, gammafunk_ghost_arena,
          enter_ossuary_2, nicolae_alphabet_shops
D:9:      layout_irregular_city, kennysheep_mini, serial_shops, shop
D:10:     layout_layer_cave, kennysheep_cross_bottleneck
D:11:     layout_cave_pools
D:12:     layout_small_grid, zombieorc2_lemuel, serial_bayou,
          serial_bayou_crossing, serial_bayou_ford_a, serial_bayou_lagoon_b,
          serial_bayou_lake_a, hangedman_abyss_or_decor_stabs,
          trog_butcher_becter

Skill      XL: |  1  2  3  4  5  6  7  8  9 10 11 |
---------------+----------------------------------+-----
Armour         | 1 2 3 4 5 6 |  6.5
Fighting       | 4 5 7 8 |  8.7
Dodging        | 3 4 5 6 7 |  7.1
Axes           | 2 3 4 6 8 9 |  9.1
Shields        | 2 3 4 5 |  5.6
Unarmed Combat | 6 8 |  8.1
Stealth        | |  2.1

Action                   |  1- 3 |  4- 6 |  7- 9 | 10-12 || total
-------------------------+-------+-------+-------+-------++-------
Melee: Unarmed           |    88 |       |       |     9 ||    97
       Hand axe          |     6 |    35 |   184 |   226 ||   451
       Punch             |     2 |       |       |       ||     2
Throw: Throwing net      |       |       |       |     2 ||     2
  Use: Scroll            |       |       |     8 |     3 ||    11
       Potion            |       |       |       |     1 ||     1
 Stab: Sleeping          |       |       |     4 |     1 ||     5
Armor: Ring mail         |    32 |     4 |    37 |       ||    73
       Robe              |     2 |       |       |       ||     2
       Leather armour    |       |       |    15 |    22 ||    37
       Plate armour      |       |       |       |    33 ||    33
       Scale mail        |       |       |       |    24 ||    24
Dodge: Dodged            |    52 |    14 |   116 |   128 ||   310
Block: Buckler           |       |     4 |    45 |    78 ||   127

Table legend: (Time is in decaauts)
 A = Elapsed time spent in this place.
 B = Non-inter-level travel time spent in this place.
 C = Inter-level travel time spent in this place.
 D = Time resting spent in this place.
 E = Time spent auto-exploring this place.
 F = Levels seen in this place.
 G = Mean time per level.
                   A        B        C        D        E       F      G
               +--------+--------+--------+--------+--------+-----+--------+
         Total |  10240 |   9899 |    341 |    280 |   8092 |  13 |  787.7 |
       Dungeon |  10077 |   9736 |    341 |    280 |   7982 |  12 |  839.8 |
       Ossuary |    163 |    163 |      0 |      0 |    110 |   1 |  163.0 |
               +--------+--------+--------+--------+--------+-----+--------+

Top non-repeatable levels by time:
    D:11: 1361 daAuts
    D:10: 1310 daAuts
     D:9: 1204 daAuts
     D:7: 896 daAuts
     D:6: 871 daAuts
     D:8: 859 daAuts
     D:5: 853 daAuts
     D:4: 795 daAuts
     D:1: 656 daAuts
     D:3: 522 daAuts
     D:2: 513 daAuts
    D:12: 232 daAuts
 Ossuary: 163 daAuts
